 Dungeon Crawl Stone Soup version 0.30-a0-845-g7c6808c8ce (webtiles) character file.

Game seed: 16881132687698099274

30221 demibob the Grappler (level 13, -4/83 HPs)
             Began as a Demonspawn Wanderer on Mar 2, 2023.
             Was the Champion of Cheibriados.
             Slain by a death yak (10 damage)
             ... while petrified by a basilisk
             ... on level 4 of the Lair of Beasts.
             The game lasted 00:41:00 (16744 turns).

demibob the Grappler (Demonspawn Wanderer)         Turns: 16744, Time: 00:41:01

Health: -4/83      AC:  6    Str: 27    XL:     13   Next: 19%
Magic:  0/19       EV:  5    Int: 40    God:    Cheibriados [******]
Gold:   2526       SH:  0    Dex: 36    Spells: 2/21 levels left

rFire   . . .      SeeInvis .      - Unarmed
rCold   + . .      Faith    .    (shield currently unavailable)
rNeg    + + +      Spirit   +    c - melded +0 robe
rPois   ∞          Reflect  .    (helmet currently unavailable)
rElec   .          Rampage  .    H - melded +2 cloak
rCorr   .                        z - melded +2 pair of gloves
Will    .....                    g - melded +0 pair of boots
Stlth   +++                      (no amulet)
HPRegen 0.33/turn                T - +4 ring of protection
MPRegen 0.32/turn                j - ring of Ru's Condemnation {Fly rPois rC+ Int-3 Dex+6}

@: spider-form, petrified, flying, studying Stealth, very slow
A: venomous fangs, tiny, (hooves 1), foul stench 2, magic shield, magic
regeneration, big brain 3
a: End Transformation, Renounce Religion, Bend Time, Temporal Distortion,
Slouch, Step From Time


You were on level 4 of the Lair of Beasts.
You worshipped Cheibriados.
Cheibriados was exalted by your worship.
You were a venomous arachnid creature.
You visited 2 branches of the dungeon, and saw 17 of its levels.
You also visited: Sewer.

You collected 2550 gold pieces.
You spent 24 gold pieces at shops.


Innate Abilities, Weirdness & Mutations

You are a venomous arachnid creature.
You have venomous fangs.
You are tiny and dextrous.
You are immune to poison.
Your spellcasting is less reliable in this form.
Your armour is entirely melded.
You are incapable of wielding weapons or throwing items.
((You have large cloven feet.))
You sometimes emit foul miasma when damaged in melee.
When hurt, damage is shared between your health and your magic reserves.
You regenerate magic rapidly.
You have an absolutely massive brain. (Int +6, Wiz)


   Skills:
 - Level 2.0 Fighting
 - Level 3.3 Short Blades
 - Level 0.3 Maces & Flails
 - Level 9.8 Dodging
 - Level 1.0 Stealth
 + Level 14.5 Unarmed Combat
 + Level 4.6 Spellcasting
 - Level 3.2 Necromancy
 - Level 6.5 Transmutations
 - Level 4.6 Air Magic
 + Level 2.1 Earth Magic
 - Level 4.3 Poison Magic
 - Level 3.9 Invocations


You had 2 spell levels left.
You knew the following spells:

 Your Spells              Type           Power      Damage    Failure   Level
a - Airstrike             Air            23%        2d(4-20)  5%          4
h - Blade Hands           Tmut           29%        N/A       7%          5
m - Mephitic Cloud        Conj/Pois/Air  33%        N/A       4%          3
s - Spider Form           Tmut/Pois      52%        N/A       2%          3
X - Animate Armour        Summ/Erth      34%        N/A       17%         4

Your spell library contained the following spells:

 Spells                   Type           Power      Damage    Failure   Level
 Beastly Appendage        Tmut           100%       N/A       1%          1
 Necrotise                Necr           100%       1d9       1%          1
 Cigotuvi's Dreadful Rot  Necr/Pois/Air  84%        N/A       1%          2
 Poisonous Vapours        Pois/Air       90%        N/A       1%          2
 Sublimation of Blood     Necr           35%        N/A       2%          2
 Summon Small Mammal      Summ           36%        N/A       4%          1
 Blink                    Tloc           18%        N/A       6%          2
 Ensorcelled Hibernation  Hex/Ice        18%        N/A       6%          2
 Lesser Beckoning         Tloc           18%        N/A       6%          2
 Dispel Undead            Necr           35%        3d15      9%          4
 Call Canine Familiar     Summ           9%         N/A       10%         3
 Gell's Gravitas          Tloc           9%         N/A       10%         3
 Summon Guardian Golem    Hex/Summ       9%         N/A       10%         3
 Teleport Other           Tloc           9%         N/A       10%         3
 Anguish                  Hex/Necr       11%        N/A       14%         4
 Manifold Assault         Tloc           9%         N/A       24%         4
 Arcjolt                  Conj/Air       14%        1d24      26%         5
 Conjure Ball Lightning   Conj/Air       14%        3x3d6     71%         6
 Storm Form               Tmut/Air       26%        N/A       82%         7
 Iron Shot                Conj/Erth      8%         9d3       86%         6
 Dispersal                Tloc           4%         N/A       93%         6
 Discord                  Hex            4%         N/A       100%        8
 Disjunction              Tloc           4%         N/A       100%        8

Inventory:

Missiles
 s - 16 javelins
 x - a throwing net {=f}
Armour
 c - a +0 robe (melded)
 g - a +0 pair of boots (melded)
 z - a +2 pair of gloves (melded)
 H - a +2 cloak (melded)
Jewellery
 j - the ring of Ru's Condemnation (right front pincers) {Fly rPois rC+ Int-3 Dex+6}
   (You acquired it on level 3 of the Dungeon)

   [ring of poison resistance]

   Int:       It affects your intelligence (-3).
   Dex:       It affects your dexterity (+6).
   rC:        It protects you from cold.
   rPois:     It protects you from poison.
   Fly:       It grants you flight.
 m - a ring of magical power
 t - a +4 ring of protection
 E - a +5 ring of evasion
 F - a ring of protection from fire
 I - a +6 ring of intelligence
 L - a ring of flight
 M - a ring of magical power
 T - a +4 ring of protection (left front pincers)
Wands
 e - a wand of iceblast (1)
 h - a wand of digging (6)
 y - a wand of flame (25)
Scrolls
 a - 7 scrolls of identify {@r1}
 b - 2 scrolls of fog
 f - a scroll of enchant weapon
 o - a scroll of amnesia
 q - 5 scrolls of teleportation {@r2}
 B - 5 scrolls of magic mapping
Potions
 d - a potion of invisibility {unknown}
 i - 4 potions of brilliance
 k - 5 potions of haste {@q3}
 l - 3 potions of attraction
 n - 4 potions of lignification
 r - a potion of flight
 u - 2 potions of cancellation
 A - 2 potions of berserk rage {!q}
 D - a potion of might

Dungeon Overview and Level Annotations

Branches:
Dungeon (13/15)            Temple (0/1) D:5            Lair (4/5) D:10
 Shoals (0/4) Lair:3        Snake (0/4) Lair:3        Sewer (visited)
  Slime: Lair:4-5       Orc: D:9-12      Vaults: D:13-14

Altars:
Ashenzari
Cheibriados
Fedhas
Makhleb
Nemelex Xobeh
Okawaru
Qazlal
Trog
Vehumet
Xom
Yredelemnul

Shops:
D:2 :[[?[   D:10 (:=*

Portals:
Trove: D:10 (give 7 potions of haste)

Annotations:
D:12 Rupert
D:13 Nessos

##
###..##..
#sYY.....
#YYYY..#..
##lk......
#..#.....
#........
.........
..... ...
^........


You could see 6 death yaks, a basilisk and a rime drake.


Message History

The death yak is engulfed in dark miasma.
The death yak looks as sick as possible!
The death yak seems to slow down.
The death yak gores you but does no damage.
The death yak is engulfed in dark miasma.
The death yak is poisoned.
The death yak gores you!
* * * LOW HITPOINT WARNING * * *
The death yak is engulfed in dark miasma.
The death yak looks even sicker.
The death yak seems to slow down.
The death yak gores you.
* * * LOW HITPOINT WARNING * * *
The death yak is no longer moving slowly. x2
The death yak is engulfed in dark miasma.
The death yak looks as sick as possible!
The death yak gores you!!
* * * LOW HITPOINT WARNING * * *
The death yak is engulfed in dark miasma.
The death yak looks even sicker.
The death yak gores you!!
* * * LOW HITPOINT WARNING * * *
The death yak is engulfed in dark miasma.
The death yak looks as sick as possible!
The death yak barely misses you.
The death yak is engulfed in dark miasma.
The death yak looks as sick as possible!
The death yak completely misses you. The death yak gores you!!
* * * LOW HITPOINT WARNING * * *
You emit a cloud of foul miasma!
The death yak is engulfed in dark miasma.
The death yak looks even sicker.
The death yak gores you!!
You die...

Skill      XL: |  1  2  3  4  5  6  7  8  9 10 11 12 13 |
---------------+----------------------------------------+-----
Short Blades   | 1 2 3 |  3.3
Unarmed Combat | 1 3 4 5 7 9 11 12 14 | 14.5
Transmutations | 3 4 5 6 |  6.5
Dodging        | 2 4 7 8 9 |  9.8
Poison Magic   | 2 4 |  4.3
Spellcasting   | 4 |  4.6
Invocations    | 1 3 |  3.9
Air Magic      | 4 |  4.6
Earth Magic    | 2 |  2.1
Fighting       | |  2.0
Maces & Flails | |  0.3
Stealth        | |  1.0
Necromancy     | |  3.2

Action                     |  1- 3 |  4- 6 |  7- 9 | 10-12 | 13-15 || total
---------------------------+-------+-------+-------+-------+-------++-------
  Melee: Dagger            |   135 |   253 |       |       |       ||   388
         Club              |     4 |       |       |     3 |       ||     7
         Punch             |     2 |     6 |     5 |     3 |       ||    16
         Unarmed           |       |    78 |   269 |   621 |    76 ||  1044
         Kick              |       |    18 |    33 |       |       ||    51
         Headbutt          |       |    10 |    19 |       |       ||    29
   Cast: Beastly Appendage |       |    14 |    19 |       |       ||    33
         Spider Form       |       |       |    24 |    52 |     8 ||    84
         Blade Hands       |       |       |       |     3 |     2 ||     5
         Airstrike         |       |       |       |    11 |       ||    11
         Mephitic Cloud    |       |       |       |     2 |       ||     2
 Invoke: Slouch            |       |       |       |     2 |       ||     2
  Evoke: Wand              |       |       |       |       |     1 ||     1
    Use: Scroll            |     3 |     7 |     6 |    21 |       ||    37
         Potion            |       |     4 |       |     8 |       ||    12
   Stab: Sleeping          |     3 |     2 |     7 |     2 |     1 ||    15
         Distracted        |       |       |       |     2 |       ||     2
 Armour: Robe              |    39 |   138 |    41 |    16 |     3 ||   237
         Skin              |       |       |    18 |    27 |     9 ||    54
  Dodge: Dodged            |    93 |   248 |   311 |   784 |   101 ||  1537

Levels and vault maps discovered:
D:1:      dpeg_arrival_rhombus, layout_basic
D:2:      layout_basic, basic_altar, serial_shops, nicolae_shop_stone, shop,
          nicolae_shop_crystal, nicolae_shop_hallway_plus, nicolae_shop_stone,
          minmay_crystal_room, grunt_ministairs_15
D:3:      layout_basic, amethyst_overflow_temple_binary, portal_sewer_entry_d,
          minmay_gold_behind_fungi, grunt_ministairs_13, uniq_jessica
D:4:      nicolae_cairo_tiling_large_dashed, layout_basic, serial_aquarium,
          aquarium_bridge_square [aquarium_subvault_bridge,
          aquarium_subvault_balcony, aquarium_subvault_bridge,
          aquarium_subvault_wall], aquarium_window_fake, aquarium_window_1,
          aquarium_view_2b, aquarium_view_2c, aquarium_balcony_5a,
          aquarium_pool_split
D:5:      layout_basic, slow_altar_2, general_overflow_altar,
          lemuel_coloured_pillars_altar, minmay_temple_entry_antechambers
D:6:      layout_cave_pools, grunt_potential, uniq_pikel, uniq_grinder
D:7:      layout_basic, old_standard_altar, lightli_temple_of_fire,
          nicolae_elyvilon_peaceful_grove, dk_noncrumbling_2
D:8:      layout_rooms, trog_ov_bears_minmay, nicolae_titane, uniq_grum
D:9:      layout_roguey, nicolae_vehumet_altar_sigil,
          hellmonk_ghost_happy_afterlife
D:10:     layout_cave_pools, lemuel_crystal_altar,
          mainiacjoe_overflow_concentric_impassable, kennysheep_little_box,
          minmay_lair_entry_grove, nicolae_trove_entry_path_of_doom,
          dk_vineyard_2, st_stairs_7, minmay_shop_grid_forest
D:11:     layout_rooms, uniq_lodul, uniq_urug
D:12:     minmay_recursive_quarters, layout_cave_pools, orc_0_dummy, uniq_rupert
D:13:     minmay_razor_zed, layout_long_grid, lightli_vaults_fourway_checkpoint,
          uniq_jorgrun, uniq_nessos
Lair:1:   layout_roguey, grunt_megastairs_4, infiniplex_staircase_pool
Lair:2:   layout_small_grid, serial_bayou_shore_b
Lair:3:   wander_river, layout_cave_pods, elwin_shoals_entry_stream,
          nicolae_snake_entry_squirm, uniq_amaemon
Lair:4:   layout_regular_city

Notes
Turn   | Place    | Note
-------+----------+-------------------------------------------
     0 | D:1      | demibob the Demonspawn Wanderer began the quest for the
                  | Orb.
     0 | D:1      | demibob set off with the following items: a +0 club, a
                  | scroll of summoning, a +0 robe, a +0 pair of gloves; and
                  | the following spells available to memorise: Necrotise,
                  | Sublimation of Blood, Beastly Appendage, Spider Form,
                  | Dispel Undead.
     0 | D:1      | Reached XP level 1. HP: 16/16 MP: 2/2
   155 | D:1      | Reached skill level 1 in Short Blades
   226 | D:1      | Gained mutation: You have an unusually large brain. (Int
                  | +2) [demonic ancestry]
   226 | D:1      | Reached XP level 2. HP: 21/22 MP: 3/3
   479 | D:1      | Reached skill level 2 in Short Blades
   740 | D:2      | Found Zaus's Armour Shop.
   809 | D:2      | Found Luigex's Antique Armour Shop.
   815 | D:2      | Gained mutation: You have large cloven feet. [demonic
                  | ancestry]
   815 | D:2      | Reached XP level 3. HP: 27/27 MP: 4/4
   833 | D:2      | Found Retsuqunt's Antique Armour Shoppe.
   837 | D:2      | Found Urubuh's Magic Scroll Shoppe.
   864 | D:2      | Bought a scroll of identify for 24 gold pieces
   903 | D:2      | Found Ynecs's Book Shop.
  1152 | D:2      | Reached skill level 3 in Short Blades
  1566 | D:2      | Gained mutation: You may rarely emit foul miasma when
                  | damaged in melee. [demonic ancestry]
  1566 | D:2      | Reached XP level 4. HP: 33/33 MP: 5/5
  1638 | D:2      | Found a snail-covered altar of Cheibriados.
  1673 | D:2      | Became a worshipper of Cheibriados the Contemplative
  1676 | D:2      | Learned a level 1 spell: Beastly Appendage
  1947 | D:3      | Reached skill level 1 in Unarmed Combat
  1968 | D:3      | Found a glowing drain.
  2006 | Sewer    | Entered a sewer
  2134 | Sewer    | Reached * piety under Cheibriados
  2322 | Sewer    | Gained mutation: You sometimes emit foul miasma when
                  | damaged in melee. [demonic ancestry]
  2322 | Sewer    | Reached XP level 5. HP: 38/38 MP: 6/6
  2329 | Sewer    | Reached ** piety under Cheibriados
  2411 | Sewer    | Reached skill level 2 in Unarmed Combat
  2593 | Sewer    | Reached *** piety under Cheibriados
  2594 | Sewer    | Reached skill level 3 in Unarmed Combat
  2606 | Sewer    | Gained mutation: You regenerate magic rapidly. [demonic
                  | ancestry]
  2606 | Sewer    | Reached XP level 6. HP: 11/44 MP: 7/7
  3090 | D:3      | Reached skill level 4 in Unarmed Combat
  3105 | D:3      | Learned a level 3 spell: Spider Form
  3351 | D:3      | Found a shimmering altar of Xom.
  3362 | D:3      | Found an iron altar of Okawaru.
  3481 | D:3      | Reached skill level 2 in Transmutations
  3572 | D:3      | Noticed Jessica
  3582 | D:3      | Killed Jessica
  3684 | D:3      | Identified a scroll of acquirement
  3684 | D:3      | Acquired the ring of Ru's Condemnation {Fly rPois rC+ Int-3
                  | Dex+6}
  3751 | D:4      | Reached **** piety under Cheibriados
  3923 | D:4      | Reached skill level 3 in Transmutations
  3923 | D:4      | Gained mutation: You have an extremely huge brain. (Int +4)
                  | [demonic ancestry]
  3923 | D:4      | Reached XP level 7. HP: 50/50 MP: 8/8
  3990 | D:4      | Got Sif Muna's Parchment of Voltage
  4446 | D:4      | Acquired 990 gold pieces
  4465 | D:5      | Entered Level 5 of the Dungeon
  4553 | D:5      | Found a blossoming altar of Fedhas.
  4573 | D:5      | Reached skill level 5 in Unarmed Combat
  4623 | D:5      | Found a sparkling altar of Nemelex Xobeh.
  4815 | D:5      | Found a snail-covered altar of Cheibriados.
  4908 | D:5      | Found a staircase to the Ecumenical Temple.
  5046 | D:5      | Reached skill level 4 in Transmutations
  5127 | D:5      | Reached ***** piety under Cheibriados
  5356 | D:6      | Reached skill level 2 in Dodging
  5356 | D:6      | Reached XP level 8. HP: 46/56 MP: 9/9
  5427 | D:6      | Noticed a troll
  5442 | D:6      | Reached skill level 1 in Poison Magic
  5450 | D:6      | Killed a troll
  5451 | D:6      | Reached skill level 6 in Unarmed Combat
  5451 | D:6      | Reached skill level 2 in Poison Magic
  5504 | D:6      | Reached skill level 3 in Dodging
  5651 | D:6      | Noticed Pikel
  5829 | D:6      | Killed Pikel
  5830 | D:6      | Reached skill level 4 in Dodging
  5830 | D:6      | Reached skill level 7 in Unarmed Combat
  5930 | D:6      | Reached XP level 9. HP: 61/61 MP: 7/10
  5954 | D:6      | Noticed Grinder
  5965 | D:6      | Paralysed by Grinder for 2 turns
  5972 | D:6      | Killed Grinder
  5973 | D:6      | Reached skill level 5 in Dodging
  6373 | D:7      | Found a burning altar of Makhleb.
  6487 | D:7      | Reached skill level 8 in Unarmed Combat
  6577 | D:7      | Found a broken altar of Ashenzari.
  6776 | D:7      | Reached skill level 6 in Dodging
  7352 | D:7      | Reached skill level 7 in Dodging
  7352 | D:7      | Reached skill level 9 in Unarmed Combat
  7530 | D:8      | Gained mutation: When hurt, damage is shared between your
                  | health and your magic reserves. [demonic ancestry]
  7530 | D:8      | Reached XP level 10. HP: 67/67 MP: 11/11
  7552 | D:8      | Noticed Grum
  7568 | D:8      | Killed Grum
  7720 | D:8      | Reached skill level 8 in Dodging
  7745 | D:8      | Reached skill level 10 in Unarmed Combat
  7745 | D:8      | Reached ****** piety under Cheibriados
  7880 | D:8      | Found a bloodstained altar of Trog.
  7892 | D:8      | Learned a level 5 spell: Blade Hands
  8271 | D:9      | Found a radiant altar of Vehumet.
  8545 | D:9      | Identified the +0 dagger "Appaepee" {venom, rF+ rN+ Will-
                  | rCorr}
  8673 | D:9      | Reached skill level 5 in Transmutations
  8709 | D:9      | Noticed Brisketman's ghost (novice FoMo)
  8728 | D:9      | Found a runed translucent door.
  8773 | D:9      | Identified the +8 halberd of Governance {flame, rF+ Str+2
                  | Dex+3}
  9072 | D:9      | Paralysed by a hornet for 3 turns
  9369 | D:9      | Killed Brisketman's ghost
  9370 | D:9      | Reached skill level 11 in Unarmed Combat
  9370 | D:9      | Reached XP level 11. HP: 61/72 MP: 4/13
  9475 | D:10     | Entered Level 10 of the Dungeon
  9486 | D:10     | Reached skill level 2 in Spellcasting
  9684 | D:10     | Reached skill level 3 in Spellcasting
  9744 | D:10     | Found a basalt altar of Yredelemnul.
  9771 | D:10     | Found a staircase to the Lair.
 10023 | D:10     | Found a portal to a secret trove of treasure.
 10030 | D:10     | Reached skill level 4 in Spellcasting
 10055 | D:10     | Found Merr's Antique Weapon Shop.
 10061 | D:10     | Found Irhaist's Book Shop.
 10061 | D:10     | Found Zuraiji's General Store.
 10065 | D:10     | Found Emiovafe's Jewellery Shop.
 10370 | D:10     | Learned a level 3 spell: Mephitic Cloud
 10438 | D:10     | Found a stormy altar of Qazlal.
 10564 | D:11     | Identified the +10 plate armour "Woebid" {rF+ Will- Dex+4}
 10598 | D:11     | Reached skill level 3 in Poison Magic
 10618 | D:11     | Reached skill level 6 in Transmutations
 10620 | D:11     | Noticed Urug
 10630 | D:11     | Killed Urug
 10650 | D:11     | Noticed Lodul
 10661 | D:11     | Reached skill level 4 in Poison Magic
 10832 | D:11     | Killed Lodul
 10833 | D:11     | Reached skill level 12 in Unarmed Combat
 11275 | D:12     | Reached skill level 9 in Dodging
 11360 | D:12     | Reached skill level 1 in Invocations
 11360 | D:12     | Gained mutation: You have an absolutely massive brain. (Int
                  | +6, Wiz) [demonic ancestry]
 11360 | D:12     | Reached XP level 12. HP: 66/78 MP: 12/18
 11542 | D:12     | Noticed Rupert
 11550 | D:12     | Reached skill level 2 in Invocations
 11564 | D:12     | >>hm
 11622 | D:13     | Noticed a four-headed hydra
 11797 | D:13     | HP: 1/78 [skeletal warrior/+0 trident (17)]
 12138 | D:13     | Noticed Nessos
 12151 | D:12     | Noticed a boulder beetle
 12156 | D:12     | Reached skill level 3 in Invocations
 12531 | Lair:1   | Entered Level 1 of the Lair of Beasts
 12634 | Lair:1   | Reached skill level 13 in Unarmed Combat
 13021 | Lair:1   | Reached skill level 1 in Air Magic
 13048 | Lair:1   | Reached skill level 2 in Air Magic
 13434 | Lair:1   | Reached skill level 3 in Air Magic
 13972 | Lair:1   | Learned a level 4 spell: Airstrike
 14013 | Lair:2   | Identified the +4 scale mail of the Kraken {rF++ rC- Str+3}
 14356 | Lair:2   | Reached skill level 4 in Air Magic
 14607 | Lair:2   | Reached skill level 14 in Unarmed Combat
 15254 | Lair:3   | Found a staircase to the Shoals.
 15260 | Lair:3   | Reached XP level 13. HP: 83/83 MP: 3/19
 15418 | Lair:3   | Learned a level 4 spell: Animate Armour
 15559 | Lair:3   | Reached skill level 1 in Earth Magic
 15893 | Lair:3   | Found a staircase to the Snake Pit.
 16067 | Lair:3   | Noticed Amaemon
 16179 | Lair:3   | Killed Amaemon
 16180 | Lair:3   | Reached skill level 2 in Earth Magic
 16744 | Lair:4   | HP: 6/83 [death yak (9)]
 16744 | Lair:4   | Slain by a death yak

Vanquished Creatures
  The ghost of Brisketman the Cleaver, a novice FoMo of Wu Jian (D:9)
  Urug (D:11)
  Amaemon (Lair:3)
  Lodul (D:11)
  Pikel (D:6)
  A cyclops (D:13)
  A manticore (D:11)
  2 black mambas
  2 merfolk sirens (Lair:3)
  An orange demon (Lair:3)
  5 gargoyles
  2 cane toads (Lair:2)
  An unseen horror (D:10)
  2 komodo dragons
  A guardian mummy (D:10)
  A troll (D:6)
  2 merfolk (Lair:3)
  14 blink frogs
  A hornet (D:9)
  Grinder (D:6)
  A vampire (D:11)
  4 wyverns (D:10)
  6 shadows
  5 slime creatures (D:12)
  47 yaks
  3 basilisks
  Grum (D:8)
  5 vampire mosquitoes
  3 nagas (Lair:3)
  18 water moccasins
  3 acid dragons
  2 sky beasts (D:7)
  6 black bears
  2 orc warriors
  An ice beast (D:6)
  9 ogres
  12 wolves
  5 centaurs
  3 lemures (D:6)
  A phantom (D:5)
  A kobold brigand (D:9)
  7 bullfrogs
  4 scorpions
  3 wights (D:7)
  6 killer bees (D:8)
  4 howler monkeys
  4 hounds
  3 orc priests
  2 jellies
  A gnoll bouda (D:7)
  3 sleepcaps
  Jessica (D:3)
  3 iguanas
  16 orc wizards
  A mummy (D:5)
  12 gnolls
  13 adders
  2 shadow imps
  2 white imps
  An ufetubus (D:5)
  A worm (D:3)
  3 dart slugs
  27 orcs
  13 endoplasms
  21 giant cockroaches
  6 goblins
  9 hobgoblins
  2 jackals (D:3)
  9 quokkas
  15 ball pythons
  6 bats
  13 frilled lizards
  11 kobolds
  3 rats
407 creatures vanquished.

Vanquished Creatures (collateral kills)
  A water moccasin (D:10)
  An orc (D:10)
  2 endoplasms (Sewer)
  A quokka (Sewer)
5 creatures vanquished.

Vanquished Creatures (others)
  A bush (D:10)
  24 fungi
  32 plants
  3 toadstools (D:3)
60 creatures vanquished.

Grand Total: 472 creatures vanquished

Table legend: (Time is in decaauts)
 A = Elapsed time spent in this place.
 B = Non-inter-level travel time spent in this place.
 C = Inter-level travel time spent in this place.
 D = Time resting spent in this place.
 E = Time spent auto-exploring this place.
 F = Levels seen in this place.
 G = Mean time per level.
                   A        B        C        D        E       F      G
               +--------+--------+--------+--------+--------+-----+--------+
         Total |  23663 |  22681 |    982 |   2681 |  16288 |  18 | 1314.6 |
       Dungeon |  16409 |  15654 |    755 |   1518 |  11526 |  13 | 1262.2 |
          Lair |   6303 |   6077 |    226 |    822 |   4514 |   4 | 1575.8 |
         Sewer |    949 |    949 |      0 |    340 |    248 |   1 |  949.0 |
               +--------+--------+--------+--------+--------+-----+--------+

Top non-repeatable levels by time:
  Lair:1: 2362 daAuts
  Lair:3: 2158 daAuts
     D:9: 1878 daAuts
     D:7: 1773 daAuts
  Lair:2: 1769 daAuts
    D:10: 1673 daAuts
     D:3: 1550 daAuts
    D:11: 1470 daAuts
     D:6: 1382 daAuts
     D:5: 1375 daAuts
     D:4: 1274 daAuts
     D:8: 1205 daAuts
     D:2: 993 daAuts
   Sewer: 949 daAuts
     D:1: 717 daAuts

Table legend:
 A = Non-vault XP
 B = Vault XP
 C = Vault XP percentage of total XP
 D = Non-vault monster count
 E = Vault monster count
 F = Vault count percentage of total count
                 A         B        C        D         E       F
            +---------+---------+-------+---------+---------+-------
      Total |   28287 |   14886 |  34.5 |     273 |     136 |  33.3
            +---------+---------+-------+---------+---------+-------
        D:1 |      33 |       0 |   0.0 |      19 |       0 |   0.0
        D:2 |      71 |       2 |   2.7 |      22 |       2 |   8.3
        D:3 |     101 |      61 |  37.7 |      22 |       6 |  21.4
        D:4 |     210 |       0 |   0.0 |      13 |       0 |   0.0
        D:5 |     503 |      18 |   3.5 |      17 |       1 |   5.6
        D:6 |     413 |    1703 |  80.5 |       9 |      15 |  62.5
        D:7 |    1016 |       0 |   0.0 |      20 |       0 |   0.0
        D:8 |    3397 |     671 |  16.5 |      27 |       5 |  15.6
        D:9 |    2337 |     809 |  25.7 |      23 |       1 |   4.2
       D:10 |    1451 |    2510 |  63.4 |      11 |      15 |  57.7
       D:11 |     888 |    2503 |  73.8 |       3 |      10 |  76.9
       D:12 |    3505 |    1149 |  24.7 |      21 |       5 |  19.2
       D:13 |     713 |       0 |   0.0 |       2 |       0 |   0.0
     Lair:1 |    6648 |    1970 |  22.9 |      32 |      13 |  28.9
     Lair:2 |    4540 |       0 |   0.0 |      20 |       0 |   0.0
     Lair:3 |    2461 |    3176 |  56.3 |      12 |       9 |  42.9
      Sewer |       0 |     314 | 100.0 |       0 |      54 | 100.0
            +---------+---------+-------+---------+---------+-------
